 Dungeon Crawl Stone Soup version 0.23-a0-329-g6f3f904 (webtiles) character file.

70 Garbasso the Skirmisher (level 4, -4/37 HPs)
             Began as a Formicid Abyssal Knight on Oct 16, 2018.
             Was a Believer of Lugonu.
             Slain by an orc
             ... wielding a +2 hand axe of chopping
              (7 damage)
             ... on level 2 of the Dungeon.
             The game lasted 00:05:58 (1803 turns).

Garbasso the Skirmisher (Formicid Abyssal Knight)   Turns: 1803, Time: 00:05:59

Health: -4/37      AC:  3    Str: 17    XL:     4   Next: 44%
Magic:  5/5        EV:  9    Int: 12    God:    Lugonu [**....]
Gold:   77         SH:  8    Dex: 10    Spells: 3/3 levels left

rFire    . . .     SeeInvis +   a - +1 mace
rCold    . . .     Gourm    .   e - +0 shield
rNeg     . . .     Faith    .   b - +0 leather armour
rPois    .         Spirit   .   (helmet unavailable)
rElec    .         Reflect  .   (no cloak)
rCorr    .         Harm     .   (no gloves)
MR       .....                  (no boots)
Stlth    +.........             (no amulet)
HPRegen  0.12/turn              (no ring)
MPRegen  0.09/turn              (no ring)

@: no status effects
A: permanent stasis, dig shafts and tunnels, four strong arms, antennae 3
a: Dig, Shaft Self, Depart the Abyss, Bend Space, Renounce Religion


You were on level 2 of the Dungeon.
You worshipped Lugonu.
Lugonu was pleased with you.
You were hungry.

You visited 1 branch of the dungeon, and saw 2 of its levels.
You visited the Abyss 1 time.

You collected 77 gold pieces.

Inventory:

Hand Weapons
 a - a +1 mace (weapon)
Missiles
 f - 7 tomahawks (quivered)
Armour
 b - a +0 leather armour (worn)
 e - a +0 shield (worn)
Jewellery
 d - an uncursed ring of ice {unknown}
Scrolls
 h - a scroll of amnesia {unknown}
Potions
 g - a potion of degeneration {unknown}
 i - a potion of lignification {unknown}
 j - 3 potions of curing {unknown}
Comestibles
 c - 4 rations


   Skills:
 + Level 3.8 Fighting
 * Level 3.1 Maces & Flails
 - Level 2.5 Armour
 - Level 0.8 Dodging
 + Level 1.6 Shields
 + Level 2.6 Invocations


You had 3 spell levels left.
You didn't know any spells.
Your spell library was empty.

Dungeon Overview and Level Annotations

Branches:
Dungeon (2/15)

Altars:


Innate Abilities, Weirdness & Mutations

You cannot be hasted, slowed, berserked, paralysed or teleported.
You can dig through walls and to a lower floor.
Your four strong arms can wield two-handed weapons with a shield.
You have a pair of large antennae on your head. (SInv)


Message History

The orc hits you but does no damage.
You hit the orc.
You kill the orc!
Lugonu accepts your kill.
The orc hits you with a +2 hand axe of chopping.
You closely miss the orc. You block the orc's attack.
You hit the orc.
The orc is severely wounded.
The orc hits you with a +2 hand axe of chopping.
* * * LOW HITPOINT WARNING * * *
Your shield prevents you from hitting the orc.
The orc is severely wounded.
The orc hits you with a +2 hand axe of chopping.
* * * LOW HITPOINT WARNING * * *
x2 You closely miss the orc.
The orc is severely wounded.
The orc hits you with a +2 hand axe of chopping.
* * * LOW HITPOINT WARNING * * *
x2 The orc hits you with a +2 hand axe of chopping!
You die...

##..# #..##
#...###...#
####.........#
.
+............#
##
####........##
#.......##
#.##..(## {
#.###### #@#
#o# #o#
###.########.#
#........)...#
#...$.#.######
#.... #.# #.#.
#.# ... #.#


You could see 2 orcs.

Vanquished Creatures
  An orc wizard (D:2)
  An adder (D:2)
  A dart slug (D:1)
  A leopard gecko (D:1)
  2 orcs (D:2)
  3 bats (D:1)
  2 giant cockroaches (D:1)
  3 hobgoblins (D:1)
  5 kobolds (D:1)
  A frilled lizard (D:1)
  A goblin (D:1)
  7 rats (D:1)
28 creatures vanquished.

Notes
Turn   | Place    | Note
-------+----------+-------------------------------------------
     0 | Abyss:1  | Garbasso the Formicid Abyssal Knight began the quest for
                  | the Orb.
     0 | Abyss:1  | Reached XP level 1. HP: 18/18 MP: 2/2
    15 | D:1      | Escaped the Abyss
   382 | D:1      | Reached XP level 2. HP: 13/24 MP: 3/3
  1021 | D:1      | Reached XP level 3. HP: 28/29 MP: 4/4
  1128 | D:1      | Reached skill level 1 in Shields
  1483 | D:2      | Reached ** piety under Lugonu
  1785 | D:2      | Reached XP level 4. HP: 24/37 MP: 5/5
  1803 | D:2      | Slain by an orc

Vault maps used:
D:1:      dpeg_arrival_refuge
D:2:      uniq_crazy_yiuf_cottage, uniq_sigmund
Abyss:1:  minivault_25_ag

Skill      XL: |  1  2  3 |
---------------+----------+-----
Shields        | 1 |  1.6
Maces & Flails | 3 |  3.1
Fighting       | |  3.8
Armour         | |  2.5
Dodging        | |  0.8
Invocations    | |  2.6

Action                   |  1- 3 |  4- 6 || total
-------------------------+-------+-------++-------
Melee: Mace              |    79 |    13 ||    92
 Abil: Dig               |     5 |       ||     5
  Eat: Chunk             |     3 |       ||     3
Armor: Leather armour    |    33 |     2 ||    35
Dodge: Dodged            |    39 |     3 ||    42
Block: Shield            |    35 |     1 ||    36

Table legend:
 A = Non-vault XP
 B = Vault XP
 C = Vault XP percentage of total XP
 D = Non-vault monster count
 E = Vault monster count
 F = Vault count percentage of total count
                 A         B        C        D         E       F
            +---------+---------+-------+---------+---------+-------
      Total |     100 |       0 |   0.0 |      28 |       0 |   0.0
            +---------+---------+-------+---------+---------+-------
        D:1 |      39 |       0 |   0.0 |      24 |       0 |   0.0
        D:2 |      61 |       0 |   0.0 |       4 |       0 |   0.0
            +---------+---------+-------+---------+---------+-------
